 Dungeon Crawl Stone Soup version 0.28-a0-863-g8cecda6153 (webtiles) character file.

Game seed: 1360334208598625466

10901 ytrimaz the Grappler (level 11, -2/96 HPs)
             Began as a Troll Berserker on Nov 18, 2021.
             Was a High Priest of Trog.
             Slain by a steam dragon (3 damage)
             ... while petrified by a catoblepas
             ... on level 9 of the Dungeon.
             The game lasted 00:10:37 (7752 turns).

ytrimaz the Grappler (Troll Berserker)              Turns: 7752, Time: 00:10:37

Health: -2/96      AC:  6    Str: 30    XL:     11   Next: 42%
Magic:  8/8        EV:  1    Int:  3    God:    Trog [*****.]
Gold:   498        SH:  0    Dex:  9    Spells: 10/10 levels left

rFire   . . .      SeeInvis .     - Unarmed
rCold   . . .      Faith    .   (no shield)
rNeg    + + +      Spirit   .   a - +1 animal skin
rPois   ∞          Reflect  +   (helmet restricted)
rElec   .          Harm     .   (no cloak)
rCorr   .          Rampage  .   (gloves unavailable)
Will    ++...                   (boots unavailable)
Stlth   +.........              q - amulet of reflection
HPRegen 2.26/turn               t - +4 ring of evasion
MPRegen 0.11/turn               (no ring)

@: petrified, strong-willed, regenerating
A: large, unfitting armour, claws 3, regeneration 1, shaggy fur 2, tough skin 1,
antennae 1, frail 1, low mp 1, evolution 1
a: Renounce Religion, Berserk, Trog's Hand, Brothers in Arms


You were on level 9 of the Dungeon.
You worshipped Trog.
Trog was extremely pleased with you.
You visited 2 branches of the dungeon, and saw 10 of its levels.
You also visited: Sewer.

You collected 498 gold pieces.

Inventory:

Armour
 a - a +1 animal skin (worn)
 k - the +2 robe of the Trout {rElec rPois MP-9 Str-3}
   (You found it in a sewer)

   Str:       It affects your strength (-3).
   rElec:     It insulates you from electricity.
   rPois:     It protects you from poison.
   MP:        It affects your magic capacity (-9).
 l - a +0 kite shield
Jewellery
 b - an amulet of magic regeneration
 q - an amulet of reflection (around neck)
 t - a +4 ring of evasion (left claw)
Wands
 p - a wand of iceblast (8)
 r - a wand of mindburst (3)
 u - a wand of acid (22)
Scrolls
 d - 2 scrolls of blinking
 e - 3 scrolls of teleportation
 j - a scroll of noise
 m - a scroll of torment
 s - a scroll of silence
 w - a scroll of enchant armour
 y - a scroll of identify
 A - a scroll of holy word
Potions
 c - a potion of cancellation {unknown}
 f - 2 potions of invisibility
 g - 2 potions of berserk rage
 h - a potion of might {unknown}
 i - 3 potions of heal wounds {unknown}
 o - 2 potions of brilliance {unknown}
 x - a potion of flight {unknown}
 B - a potion of curing {unknown}


   Skills:
 * Level 6.6 Fighting
 * Level 8.0 Dodging
 + Level 14.2 Unarmed Combat
 + Level 0.1 Evocations


You had 10 spell levels left.
You didn't know any spells.
Your spell library was empty.

Dungeon Overview and Level Annotations

Branches:
Dungeon (9/15)             Temple (1/1) D:5            Lair (0/6) D:8
  Sewer (visited)
    Orc: D:9-12

Altars:
Ashenzari
Cheibriados
Dithmenos
Elyvilon
Fedhas
Gozag
Hepliaklqana
Kikubaaqudgha
Makhleb
Nemelex Xobeh
Okawaru
Qazlal
Ru
Sif Muna
Uskayaw
Vehumet
Wu Jian
Xom
Yredelemnul
Zin
The Shining One

Shops:
D:3 *:


Innate Abilities, Weirdness & Mutations

You are too large for most types of armour.
You have claws for hands.
Your natural rate of healing is unusually fast.
You are covered in thick fur. (AC +2)
You have tough skin. (AC +1)
You have a pair of small antennae on your head.
You are frail. (-10% HP)
Your magical capacity is low. (-10% MP)
You have hidden genetic potential.


Message History

The catoblepas gores you.
The bullfrog hits you but does no damage.
Your limbs are stiffening.
Your skin crawls.
You feel strong-willed. You block the bullfrog's attack.
The catoblepas gores you! The bullfrog hits you.
The catoblepas closely misses you.
You have turned to stone.
The bullfrog hits you.
The wight hits you from afar with a +3 spear.
The catoblepas gores you!!
The bullfrog hits you but does no damage.
The wight hits you from afar with a +3 spear!
The bullfrog barely misses you. The catoblepas gores you.
The bullfrog hits you.
The wight hits you from afar with a +3 spear.
The bullfrog completely misses you. The catoblepas gores you!!
* * * LOW HITPOINT WARNING * * *
The steam dragon breathes steam at you. The ball of steam hits you!
* * * LOW HITPOINT WARNING * * *
You are engulfed in a cloud of scalding steam.
The wight hits you from afar with a +3 spear.
* * * LOW HITPOINT WARNING * * *
The bullfrog hits you.
* * * LOW HITPOINT WARNING * * *
The catoblepas completely misses you.
The steam dragon bites you but does no damage.
The steam dragon claws you but does no damage.
You are engulfed in a cloud of scalding steam.
* * * LOW HITPOINT WARNING * * *
The bullfrog hits you but does no damage.
The wight hits you from afar with a +3 spear!
* * * LOW HITPOINT WARNING * * *
The catoblepas gores you!
* * * LOW HITPOINT WARNING * * *
The bullfrog swells and bulges.
The bullfrog hits you but does no damage.
The steam dragon bites you.
You die...

..........# ####'##........##.#
..........# #.................
..........# #.................
!.........# #.................
..........# #.................
..........# #...........[...##
..........#######'##...##...##.'.
##+##'#........§#.##...##...##.#.
......#.......#.@Y......#......#.
.#≈≈≈≈≈≈≈≈≈≈≈≈≈D#F......#......#.
.≈######..####.z........#......+.
# #..# #....###+###..###<## #..#
#....≈#...##..###... #..#
......≈#.............
........###≈#............. ....
≈#............. #≈#...#######...


You could see a catoblepas, a steam dragon (catching breath), a bullfrog and a
wight.

Vanquished Creatures
  A two-headed ogre (D:9)
  A tengu warrior (D:9)
  A cyclops (D:7)
  An elephant (D:8)
  A kobold demonologist (D:5)
  2 trolls
  A hornet (D:9)
  Prince Ribbit (D:7)
  21 yaks
  3 wyverns (D:9)
  A steam dragon (D:9)
  2 basilisks (D:8)
  Menkaure (D:7)
  A water moccasin (D:6)
  3 orc warriors
  A black bear (D:5)
  An ice beast (D:6)
  Pargi (Sewer)
  3 sky beasts
  4 ogres
  3 necrophages
  4 centaurs
  A phantom (D:5)
  A kobold brigand (D:8)
  3 bullfrogs
  2 scorpions
  A wyvern zombie (D:7)
  2 water moccasin skeletons (D:4)
  4 killer bees (D:9)
  2 howler monkeys (D:9)
  5 wights (D:9)
  A centaur zombie (D:5)
  A jelly (D:5)
  9 hounds
  A bullfrog zombie (D:5)
  2 orc priests
  2 gnoll shamans
  Terence (D:2)
  4 iguanas
  8 orc wizards
  A hound zombie (D:5)
  5 howler monkey zombies
  2 howler monkey skeletons (D:7)
  8 gnolls
  5 adders
  A white imp (D:6)
  2 ufetubi
  An adder skeleton (D:5)
  A worm (D:3)
  2 dart slugs
  21 orcs
  10 bats
  5 endoplasms
  2 giant cockroaches (D:1)
  13 goblins
  7 hobgoblins
  8 jackals
  4 quokkas
  6 ball pythons
  8 kobolds
  7 rats
227 creatures vanquished.

Notes
Turn   | Place    | Note
-------+----------+-------------------------------------------
     0 | D:1      | ytrimaz the Troll Berserker began the quest for the Orb.
     0 | D:1      | Reached XP level 1. HP: 22/22 MP: 0/0
   199 | D:1      | Reached XP level 2. HP: 29/29 MP: 1/1
   565 | D:1      | Found a faded altar of an unknown god.
   861 | D:2      | Noticed Terence
   869 | D:2      | Reached ** piety under Trog
   881 | D:2      | Killed Terence
   882 | D:2      | Reached XP level 3. HP: 23/36 MP: 2/2
  1066 | D:2      | Found a stormy altar of Qazlal.
  1308 | D:2      | Reached skill level 4 in Unarmed Combat
  1308 | D:2      | Reached XP level 4. HP: 41/44 MP: 3/3
  1737 | D:3      | Found Sibergh's General Store.
  2060 | D:3      | Found a glowing drain.
  2077 | Sewer    | Entered a sewer
  2106 | Sewer    | Noticed Pargi
  2113 | Sewer    | Killed Pargi
  2114 | Sewer    | Reached skill level 5 in Unarmed Combat
  2114 | Sewer    | Reached XP level 5. HP: 53/53 MP: 4/4
  2126 | Sewer    | Identified the +2 robe of the Trout {rElec rPois MP-9
                  | Str-3}
  2285 | D:3      | Found Inwokhlee's Book Boutique.
  2287 | D:3      | Lost intelligence.
  2287 | D:3      | Gained mutation: You are dopey. (Int -2) [potion of
                  | mutation]
  2287 | D:3      | Lost mutation: You are dopey. (Int -2) [potion of mutation]
  2287 | D:3      | Gained mutation: You are robust. (+10% HP) [potion of
                  | mutation]
  2846 | D:4      | Reached XP level 6. HP: 61/67 MP: 5/5
  2997 | D:4      | Reached *** piety under Trog
  3067 | D:4      | Found an ancient bone altar of Kikubaaqudgha.
  3096 | D:4      | Reached skill level 6 in Unarmed Combat
  3135 | D:4      | Found a stormy altar of Qazlal.
  3222 | D:4      | Reached XP level 7. HP: 59/73 MP: 6/6
  3557 | D:4      | Reached skill level 7 in Unarmed Combat
  3631 | D:5      | Entered Level 5 of the Dungeon
  3735 | D:5      | Noticed a yak
  3761 | D:5      | Reached skill level 8 in Unarmed Combat
  3761 | D:5      | Reached XP level 8. HP: 85/85 MP: 7/7
  3779 | D:5      | Reached skill level 9 in Unarmed Combat
  3818 | D:5      | Noticed a kobold demonologist
  3820 | D:5      | Noticed an orange demon
  3854 | D:5      | Killed a kobold demonologist
  3923 | D:5      | Reached **** piety under Trog
  3924 | D:5      | Reached skill level 10 in Unarmed Combat
  4096 | D:5      | Found a staircase to the Ecumenical Temple.
  4211 | D:5      | Reached skill level 5 in Dodging
  4211 | D:5      | Reached XP level 9. HP: 84/93 MP: 8/8
  4528 | Temple   | Entered the Ecumenical Temple
  4618 | D:6      | Found a sparkling altar of Nemelex Xobeh.
  5266 | D:7      | Reached skill level 11 in Unarmed Combat
  5277 | D:7      | Found a glowing silver altar of Zin.
  5333 | D:7      | Noticed Menkaure
  5334 | D:7      | Killed Menkaure
  5467 | D:7      | Found an iron altar of Okawaru.
  5517 | D:7      | Noticed Prince Ribbit
  5526 | D:7      | Killed Prince Ribbit
  5593 | D:7      | Lost mutation: You are robust. (+10% HP) [potion of
                  | mutation]
  5593 | D:7      | Gained mutation: You are clumsy. (Dex -2) [potion of
                  | mutation]
  5593 | D:7      | Gained mutation: Potions are less effective at restoring
                  | your health. [potion of mutation]
  5593 | D:7      | Gained mutation: Your magical capacity is low. (-10% MP)
                  | [potion of mutation]
  5594 | D:7      | Lost mutation: Potions are less effective at restoring your
                  | health. [potion of mutation]
  5594 | D:7      | Lost mutation: You are clumsy. (Dex -2) [potion of
                  | mutation]
  5594 | D:7      | Gained mutation: You are strong-willed. (Will+) [potion of
                  | mutation]
  5594 | D:7      | Gained mutation: You have a pair of small antennae on your
                  | head. [potion of mutation]
  5594 | D:7      | Gained mutation: You have sharp toenails. [potion of
                  | mutation]
  5774 | D:7      | Reached skill level 5 in Fighting
  5799 | D:7      | Noticed a cyclops
  5806 | D:7      | Killed a cyclops
  5807 | D:7      | Reached skill level 12 in Unarmed Combat
  5807 | D:7      | Reached XP level 10. HP: 96/96 MP: 8/8
  6127 | D:8      | Found a large runed translucent door.
  6128 | D:8      | Found a large runed translucent door.
  6389 | D:8      | Lost mutation: You are strong-willed. (Will+) [potion of
                  | mutation]
  6389 | D:8      | Lost mutation: You have sharp toenails. [potion of
                  | mutation]
  6389 | D:8      | Gained mutation: You are frail. (-10% HP) [potion of
                  | mutation]
  6389 | D:8      | Gained mutation: You have hidden genetic potential. [potion
                  | of mutation]
  6389 | D:8      | Noticed an elephant
  6391 | D:8      | Found a staircase to the Lair.
  6398 | D:8      | Killed an elephant
  6398 | D:8      | Reached ***** piety under Trog
  6505 | D:8      | Reached skill level 13 in Unarmed Combat
  6985 | D:8      | Found a hazy altar of Hepliaklqana.
  6995 | D:8      | Found a burning altar of Makhleb.
  7127 | D:9      | Reached XP level 11. HP: 64/94 MP: 8/8
  7142 | D:9      | Noticed a tengu warrior
  7156 | D:9      | Killed a tengu warrior
  7258 | D:9      | Found an ornate altar of the Wu Jian Council.
  7416 | D:9      | Found a hide-covered altar of Uskayaw.
  7484 | D:9      | Noticed a two-headed ogre
  7492 | D:9      | Gained mutation: You are covered in thick fur. (AC +2)
                  | [hidden potential]
  7512 | D:9      | Killed a two-headed ogre
  7513 | D:9      | Reached skill level 14 in Unarmed Combat
  7739 | D:9      | Noticed a catoblepas
  7752 | D:9      | HP: 1/96 [catoblepas (6)]
  7752 | D:9      | Slain by a steam dragon

Illustrated notes

Levels and vault maps discovered:
D:1:      shiori_arrival_oz, layout_loops_corners,
          chequers_ecumenical_altar_twisty, minmay_cupped
D:2:      layout_basic, basic_altar, minmay_misc_feat_tower,
          kennysheep_generic_room_3, uniq_terence
D:3:      layout_basic, serial_shops, shop, shop, cheibrodos_sewer_entry_bend
D:4:      layout_loops_ring, lemuel_tele_altar, nicolae_qazlal_eye_of_the_storm
D:5:      cheibrodos_fzero, layout_loops_ring
D:6:      layout_loops_ring, nemelex_xobeh_ov_fountains_minmay, uniq_maggie
D:7:      layout_loops_cross, okawaru_trees_1, nicolae_overflow_crystal_walls,
          minmay_misc_feat_ornament, uniq_prince_ribbit1, uniq_menkaure
D:8:      layout_gridville, jmf_multi_god_temple2, david_lair_generic
D:9:      cheibrodos_ideogram_h, layout_gridville, mainiacjoe_overflow_24_doors,
          mainiacjoe_overflow_six_doors_small
Temple:   nicolae_temple_x_marks_the_god

Skill      XL: |  1  2  3  4  5  6  7  8  9 10 11 |
---------------+----------------------------------+-----
Dodging        | 3 4 5 6 7 8 |  8.0
Unarmed Combat | 4 5 6 8 10 12 13 14 | 14.2
Fighting       | 3 4 5 6 |  6.6
Evocations     | |  0.1

Action                   |  1- 3 |  4- 6 |  7- 9 | 10-12 || total
-------------------------+-------+-------+-------+-------++-------
Melee: Unarmed           |    96 |   140 |   267 |   195 ||   698
       Punch             |       |     3 |     7 |    15 ||    25
       Kick              |       |       |     3 |     9 ||    12
Invok: Berserk           |     1 |     1 |     1 |     2 ||     5
       Trog's Hand       |       |     1 |     2 |     3 ||     6
Evoke: Wand              |       |       |       |     2 ||     2
  Use: Scroll            |     4 |     3 |     4 |     4 ||    15
       Potion            |       |     2 |     2 |     1 ||     5
 Stab: Distracted        |       |       |       |     1 ||     1
Armor: Animal skin       |    35 |    34 |    39 |    29 ||   137
Dodge: Dodged            |    39 |    80 |   113 |   108 ||   340
Block: Other             |       |       |    16 |    38 ||    54
       Reflection        |       |       |     1 |     3 ||     4

Table legend: (Time is in decaauts)
 A = Elapsed time spent in this place.
 B = Non-inter-level travel time spent in this place.
 C = Inter-level travel time spent in this place.
 D = Time resting spent in this place.
 E = Time spent auto-exploring this place.
 F = Levels seen in this place.
 G = Mean time per level.
                   A        B        C        D        E       F      G
               +--------+--------+--------+--------+--------+-----+--------+
         Total |   7699 |   7464 |    235 |    296 |   5654 |  11 |  699.9 |
       Dungeon |   7541 |   7312 |    229 |    296 |   5594 |   9 |  837.9 |
        Temple |     55 |     49 |      6 |      0 |     44 |   1 |   55.0 |
         Sewer |    101 |    101 |      0 |      0 |     16 |   1 |  101.0 |
               +--------+--------+--------+--------+--------+-----+--------+

Top non-repeatable levels by time:
     D:3: 1089 daAuts
     D:8: 946 daAuts
     D:5: 913 daAuts
     D:1: 857 daAuts
     D:7: 815 daAuts
     D:2: 810 daAuts
     D:4: 783 daAuts
     D:9: 711 daAuts
     D:6: 614 daAuts
   Sewer: 101 daAuts
  Temple: 55 daAuts
